 Dungeon Crawl Stone Soup version 0.30-a0-365-ge7f957f1db (webtiles) character file.

Game seed: 11984094829776173256

1199 koil the Ruffian (level 8, 0/79 HPs)
             Began as a Troll Berserker on Nov 17, 2022.
             Was a Believer of Trog.
             Slain by an endoplasm (3 damage)
             ... on level 4 of the Dungeon.
             The game lasted 00:06:22 (2498 turns).

koil the Ruffian (Troll Berserker)                  Turns: 2498, Time: 00:06:23

Health: 0/79       AC:  2    Str: 28    XL:     8   Next: 20%
Magic:  7/7        EV: 10    Int:  3    God:    Trog [**....]
Gold:   150        SH:  0    Dex:  9    Spells: 7/7 levels left

rFire   . . .      SeeInvis .      - Unarmed
rCold   . . .      Faith    .    (no shield)
rNeg    . . .      Spirit   .    v - +2 robe {Will+}
rPois   .          Reflect  .    (helmet restricted)
rElec   .          Harm     .    (no cloak)
rCorr   .          Rampage  .    (gloves unavailable)
Will    +++..                    (boots unavailable)
Stlth   +.........               g - amulet of the acrobat
HPRegen 2.13/turn                (no ring)
MPRegen 0.10/turn                (no ring)

@: lethally poisoned (0 -> -1), strong-willed, corroded, on berserk cooldown,
regenerating, slowed, very slow
A: large, unfitting armour, claws 3, regeneration 1, shaggy fur 1, tough skin 1
a: Renounce Religion, Berserk, Trog's Hand


You were on level 4 of the Dungeon.
You worshipped Trog.
Trog was pleased with you.
You visited 1 branch of the dungeon, and saw 4 of its levels.

You collected 150 gold pieces.

Inventory:

Missiles
 d - 6 poisoned darts (quivered)
 r - a throwing net {!f}
Armour
 a - a +0 animal skin
 v - a +2 robe of willpower (worn)
Jewellery
 g - an amulet of the acrobat (around neck)
 n - a ring of fire
Scrolls
 c - a scroll of immolation {unknown}
 f - a scroll of summoning {unknown}
 h - a scroll of brand weapon {unknown}
 i - 5 scrolls of teleportation {unknown}
 j - 2 scrolls of silence {unknown}
 m - a scroll of vulnerability {unknown}
 o - 4 scrolls of amnesia {unknown}
 p - a scroll of fear {unknown}
 q - a scroll of acquirement {unknown}
 s - 5 scrolls of identify {unknown}
 t - a scroll of poison {unknown}
 u - a scroll of enchant weapon {unknown}
 y - a scroll of enchant armour {unknown}
Potions
 b - 3 potions of curing {unknown}
 e - a potion of brilliance {unknown}
 k - 2 potions of heal wounds {unknown}
 l - a potion of might {unknown}
 w - a potion of flight {unknown}
 x - a potion of cancellation {unknown}


   Skills:
 + Level 4.7 Fighting
 + Level 3.8 Armour
 + Level 4.7 Dodging
 + Level 5.7 Unarmed Combat


You had 7 spell levels left.
You didn't know any spells.
Your spell library was empty.

Dungeon Overview and Level Annotations

Branches:
Dungeon (4/15)
 Temple: D:4-7

Altars:
Gozag
Hepliaklqana


Innate Abilities, Weirdness & Mutations

You are too large for most types of armour.
You have claws for hands.
Your natural rate of healing is unusually fast.
You are covered in fur. (AC +1)
You have tough skin. (AC +1)


Message History

You barely miss iguanaiguana's ghost.
Iguanaiguana's ghost is almost destroyed.
You feel sick. The endoplasm hits you.
Iguanaiguana's ghost hits you but does no damage.
You are more poisoned.
The acid dragon barely misses you.
The acid dragon claws you but does no damage.
You barely miss iguanaiguana's ghost.
Iguanaiguana's ghost is almost destroyed.
You feel sick.
You scratch iguanaiguana's ghost but do no damage.
Iguanaiguana's ghost is almost destroyed.
You feel sick. The endoplasm freezes you.
You are frozen.
Iguanaiguana's ghost hits you but does no damage.
You are more poisoned.
The acid dragon bites you!
The acid dragon claws you but does no damage.
You claw iguanaiguana's ghost!
You destroy iguanaiguana's ghost!
Trog accepts your kill.
You feel very sick. The endoplasm freezes you.
You are frozen.
The acid dragon spits acid at you. The splash of acid hits you!!!
* * * LOW HITPOINT WARNING * * *
The acid corrodes you!
You have reached level 8!
You are too berserk!
You scratch the acid dragon.
The acid dragon is moderately wounded.
You feel sick.
You claw the acid dragon!
The acid dragon is heavily wounded.
You are no longer berserk.
You are exhausted.
You feel yourself slow down.
You feel sick. The endoplasm hits you.
You die...

#..# ### ##..####### #..###.###
##...###### #.###....##
##.........#
#.###.....#########...........
##.##.........##.8.##.<.)..##..
#..##.........#$$.$.#......####
#..##.........'....8#......##
#.###.........'J_8.∩#.......#
#.# #.....##..@$$$.8##......##
##.# #....##...#D...∩##.......#
#..# #...##....##∩8.####......#
##..# #..#...##..##### ##....##
....# ##...###.....## ##..##
....###...###.......## #.##
###.#...####.........# ###
##...####..........## #..##
#............#


You could see an acid dragon (catching breath) and an endoplasm.

Vanquished Creatures
  Pikel (D:4)
  The ghost of iguanaiguana the Firebug, a novice MeFE of Cheibriados (D:4)
  Sigmund (D:4)
  Eustachio (D:4)
  An orc priest (D:3)
  An orc wizard (D:3)
  3 adders
  3 gnolls (D:3)
  A worm (D:4)
  3 dart slugs
  7 orcs
  7 ball pythons
  A bat (D:1)
  7 endoplasms
  5 giant cockroaches
  8 goblins
  3 hobgoblins
  A quokka (D:3)
  5 frilled lizards
  5 kobolds
  2 rats
67 creatures vanquished.

Notes
Turn   | Place    | Note
-------+----------+-------------------------------------------
     0 | D:1      | koil the Troll Berserker began the quest for the Orb.
     0 | D:1      | Reached XP level 1. HP: 22/22 MP: 0/0
   247 | D:1      | Reached XP level 2. HP: 27/29 MP: 1/1
   770 | D:2      | Found a faded altar of an unknown god.
   798 | D:2      | Reached XP level 3. HP: 36/36 MP: 2/2
   800 | D:2      | Reached skill level 1 in Armour
  1180 | D:3      | Identified the +1 leather armour "Puigor" {rC+}
  1248 | D:3      | Found a hazy altar of Hepliaklqana.
  1319 | D:3      | Reached XP level 4. HP: 44/44 MP: 3/3
  1355 | D:3      | Reached ** piety under Trog
  1394 | D:3      | Reached XP level 5. HP: 37/53 MP: 4/4
  1594 | D:4      | Noticed a lemure
  1594 | D:4      | Noticed a lemure
  1594 | D:4      | Noticed a lemure
  1631 | D:4      | Noticed Pikel
  1636 | D:4      | Killed Pikel
  1637 | D:4      | Reached skill level 4 in Unarmed Combat
  1637 | D:4      | Reached XP level 6. HP: 61/62 MP: 5/5
  1637 | D:4      | Reached XP level 7. HP: 69/70 MP: 6/6
  1699 | D:4      | Noticed Sigmund
  1722 | D:4      | Killed Sigmund
  1723 | D:4      | Reached skill level 5 in Unarmed Combat
  1823 | D:4      | Noticed Eustachio
  1833 | D:4      | Killed Eustachio
  2369 | D:4      | Found a runed translucent gate.
  2370 | D:4      | Found a runed translucent gate.
  2371 | D:4      | Found an opulent altar of Gozag.
  2372 | D:4      | Found a runed translucent gate.
  2383 | D:4      | Noticed iguanaiguana's ghost (novice MeFE)
  2496 | D:4      | Killed iguanaiguana's ghost
  2496 | D:4      | HP: 6/106 [acid dragon/splash of acid (36)]
  2497 | D:4      | Reached XP level 8. HP: 6/79 MP: 7/7
  2498 | D:4      | Slain by an endoplasm

Illustrated notes

Levels and vault maps discovered:
D:1:      minmay_arrival_three_doors, layout_basic, minmay_pentomino_z2
D:2:      layout_loops_ring, hellmonk_ecumenical_altar_inner_sanctum
D:3:      layout_basic, nicolae_hepliaklqana_hazy_memory,
          chequers_serial_rivers_marsh, chequers_serial_rivers_large_a
D:4:      layout_cave_pods, ebering_ghost_gozag, uniq_sigmund, uniq_eustachio,
          uniq_pikel

Skill      XL: |  1  2  3  4  5  6  7 |
---------------+----------------------+-----
Armour         | 1 2 3 |  3.8
Dodging        | 3 4 |  4.7
Fighting       | 3 4 |  4.7
Unarmed Combat | 4 5 |  5.7

Action                   |  1- 3 |  4- 6 |  7- 9 || total
-------------------------+-------+-------+-------++-------
Melee: Unarmed           |    84 |    28 |    65 ||   177
       Punch             |     1 |       |     1 ||     2
Invok: Berserk           |       |     1 |     2 ||     3
       Trog's Hand       |       |       |     1 ||     1
 Stab: Sleeping          |     1 |       |       ||     1
Armor: Animal skin       |    18 |     5 |     1 ||    24
       Robe              |       |       |    20 ||    20
Dodge: Dodged            |    34 |    22 |    26 ||    82

Table legend: (Time is in decaauts)
 A = Elapsed time spent in this place.
 B = Non-inter-level travel time spent in this place.
 C = Inter-level travel time spent in this place.
 D = Time resting spent in this place.
 E = Time spent auto-exploring this place.
 F = Levels seen in this place.
 G = Mean time per level.
                   A        B        C        D        E       F      G
               +--------+--------+--------+--------+--------+-----+--------+
         Total |   2514 |   2419 |     95 |     31 |   1896 |   4 |  628.5 |
       Dungeon |   2514 |   2419 |     95 |     31 |   1896 |   4 |  628.5 |
               +--------+--------+--------+--------+--------+-----+--------+

Top non-repeatable levels by time:
     D:4: 938 daAuts
     D:2: 593 daAuts
     D:1: 529 daAuts
     D:3: 453 daAuts
